 Dungeon Crawl Stone Soup version 0.28.0-53-g5a82cb258f (webtiles) character file.

Game seed: 9876954141405703455

75101 nickcage the Bewitcher (level 15, -2/73 (75) HPs)
             Began as a Spriggan Enchanter on June 21, 2022.
             Was the Champion of Dithmenos.
             Slain by an orc knight
             ... wielding a +0 halberd
              (27 damage)
             ... on level 2 of the Orcish Mines on June 22, 2022.
             The game lasted 02:32:28 (30562 turns).

nickcage the Bewitcher (Spriggan Enchanter)        Turns: 30562, Time: 02:32:29

HP:   -2/73 (75)    AC: 11    Str: 10    XL:     15   Next: 8%
MP:   31/33         EV: 22    Int: 22    God:    Dithmenos [******]
Gold: 1080          SH:  0    Dex: 15    Spells: 12/40 levels left

rFire   . . .      SeeInvis +   f - +3 quick blade (flame)
rCold   + . .      Faith    .   (no shield)
rNeg    . . .      Spirit   .   D - +2 robe {rC+}
rPois   +          Reflect  .   (helmet restricted)
rElec   +          Harm     .   o - +2 cloak
rCorr   .          Rampage  .   (gloves unavailable)
Will    ++++.                   (boots unavailable)
Stlth   ++++++++..              L - amulet of regeneration
HPRegen 1.02/turn               d - +4 ring of protection
MPRegen 0.23/turn               K - ring of Jiutz {rElec rPois Will++ Str+6 Dex-3}

@: wreathed by umbra, lightly drained, very quick
A: very small, no large weapons, unfitting armour, see invisible, speed 3
a: Renounce Religion, Shadow Step, Shadow Form


You were on level 2 of the Orcish Mines.
You worshipped Dithmenos.
Dithmenos was exalted by your worship.
You visited 4 branches of the dungeon, and saw 23 of its levels.

You collected 1650 gold pieces.
You spent 570 gold pieces at shops.

Inventory:

Hand Weapons
 a - a +1 dagger
 f - a +3 quick blade of flaming (weapon)
Missiles
 p - 17 poisoned darts
Armour
 b - a +0 robe
 o - a +2 cloak (worn)
 y - +0 swamp dragon scales
 B - a +0 robe of resistance
 D - a +2 robe of cold resistance (worn)
Jewellery
 d - a +4 ring of protection (left hand)
 t - a +4 ring of protection
 u - a ring of fire
 z - a ring of positive energy
 I - a +6 ring of strength
 K - the ring of Jiutz (right hand) {rElec rPois Will++ Str+6 Dex-3}
   (You found it on level 4 of the Lair of Beasts)

   [ring of strength]

   Str:       It affects your strength (+6).
   Dex:       It affects your dexterity (-3).
   rElec:     It insulates you from electricity.
   rPois:     It protects you from poison.
   Will:      It greatly increases your willpower.
 L - an amulet of regeneration (around neck)
 N - an amulet of faith
 O - a +6 ring of intelligence
Wands
 l - a wand of digging (12)
 n - a wand of polymorph (22)
 v - a wand of flame (24)
 w - a wand of paralysis (11)
 A - a wand of iceblast (8)
 J - a wand of acid (6)
 M - a wand of mindburst (6)
Scrolls
 r - a scroll of blinking
 E - 7 scrolls of teleportation
 F - 3 scrolls of fog
 G - 2 scrolls of magic mapping
 P - 2 scrolls of fear
 Q - a scroll of identify
 R - a scroll of summoning
Potions
 e - 2 potions of brilliance
 g - 5 potions of ambrosia
 h - 4 potions of attraction
 i - a potion of resistance
 j - a potion of cancellation
 k - a potion of degeneration
 m - 8 potions of curing
 q - 2 potions of magic
 s - 4 potions of mutation
 x - 6 potions of flight
 C - 3 potions of haste
 H - a potion of berserk rage
 T - a potion of heal wounds
Miscellaneous
 S - a phantom mirror


   Skills:
 - Level 7.0 Fighting
 + Level 13.8 Short Blades
 - Level 9.0 Dodging
 - Level 10.0 Stealth
 - Level 13.1 Spellcasting
 - Level 3.0 Conjurations
 * Level 16.1 Hexes
 - Level 5.1 Transmutations
 - Level 7.0 Ice Magic
 - Level 6.0 Earth Magic
 - Level 2.0 Invocations
 - Level 2.1 Evocations


You had 12 spell levels left.
You knew the following spells:

 Your Spells              Type           Power      Damage    Failure   Level
a - Ensorcelled Hibernat  Hex/Ice        100%       N/A       1%          2
b - Freeze                Ice            100%       1d11      1%          1
c - Frozen Ramparts       Ice            90%        1d11      1%          3
d - Passwall              Tmut/Erth      32%        N/A       1%          2
e - Stone Arrow           Conj/Erth      68%        3d11      1%          3
f - Hailstorm             Conj/Ice       36%        3d9       5%          4
g - Discord               Hex            35%        N/A       36%         8
h - Fireball              Conj/Fire      10%        3d6       54%         5

Your spell library contained the following spells:

 Spells                   Type           Power      Damage    Failure   Level
 Sandblast                Erth           80%        2d17      1%          1
 Confusing Touch          Hex            71%        N/A       1%          3
 Dazzling Flash           Conj/Hex       100%       N/A       1%          3
 Tukima's Dance           Hex            71%        N/A       1%          3
 Ice Form                 Ice/Tmut       41%        N/A       3%          4
 Corpse Rot               Necr/Air       28%        N/A       7%          2
 Poisonous Vapours        Pois/Air       28%        N/A       7%          2
 Gell's Gravitas          Tloc           14%        N/A       13%         3
 Lesser Beckoning         Tloc           14%        N/A       13%         3
 Teleport Other           Tloc           14%        N/A       13%         3
 Simulacrum               Ice/Necr       14%        N/A       85%         6
 Conjure Ball Lightning   Conj/Air       10%        3x3d6     98%         6
 Starburst                Conj/Fire      10%        6d5       98%         6
 Disjunction              Tloc           7%         N/A       100%        8
 Ignition                 Fire           7%         3d4       100%        8


Dungeon Overview and Level Annotations

Branches:
Dungeon (14/15)            Temple (1/1) D:4            Lair (6/6) D:8
  Swamp (0/4) Lair:2        Snake (0/4) Lair:4        Slime (0/5) Lair:6
    Orc (2/2) D:9             Elf (0/3) Orc:2        Vaults (0/5) D:13

Altars:
Ashenzari
Cheibriados
Dithmenos
Elyvilon
Fedhas
Gozag
Hepliaklqana
Kikubaaqudgha
Makhleb
Nemelex Xobeh
Okawaru
Qazlal
Ru
Sif Muna
Trog
Uskayaw
Vehumet
Wu Jian
Xom
Yredelemnul
Zin
The Shining One
Jiyva

Shops:
D:6 ?   D:7 *   D:8 :   D:13 *   Orc:2 *[(

Annotations:
D:10 3 runed translucent doors, MiltankisOP's ghost, journeyman DjCj
D:11 1 runed translucent door, Brotato's ghost, journeyman DjCj
Lair:4 exclusion: oklob plant
Lair:6 1 runed translucent door


Innate Abilities, Weirdness & Mutations

You are very small and have problems with some larger weapons.
You are too small for most types of armour.
You have supernaturally acute eyesight. (SInv)
You cover ground extremely quickly. (Speed+++)


Message History

The orc sorcerer gestures at you while chanting.
You resist with almost no effort.
You are too injured to fight recklessly!
Aiming: Ensorcelled Hibernation (safe; 1% risk of failure)
Press: ? - help, Q - select action, (/) - cycle Shift-Dir - straight line, f - orc sorcerer
Aim: an orc sorcerer, wielding a +0 dagger and wearing a +2 robe (umbra, chance to affect: 54%)
The orc sorcerer resists with some effort.
Aiming: Ensorcelled Hibernation (safe; 1% risk of failure)
Press: ? - help, Q - select action, (/) - cycle Shift-Dir - straight line, f/p - orc sorcerer
Aim: an orc sorcerer, wielding a +0 dagger and wearing a +2 robe (umbra, chance to affect: 54%)
The orc sorcerer resists with some effort.
The orc sorcerer hits you but does no damage.
Aiming: Ensorcelled Hibernation (safe; 1% risk of failure)
Press: ? - help, Q - select action, (/) - cycle Shift-Dir - straight line, f/p - orc sorcerer
Aim: an orc sorcerer, wielding a +0 dagger and wearing a +2 robe (umbra, chance to affect: 54%)
The orc sorcerer resists with some effort.
Your shadow mimicks your spell!
The orc sorcerer looks drowsy...
The helpless orc sorcerer fails to defend itself.
You perforate the orc sorcerer like a sieve!!!!
You burn the orc sorcerer!
You kill the orc sorcerer!
Dithmenos accepts your kill.
You flicker for a moment.
The orc knight shouts!
Found 22 gold pieces.
You flicker back into view.
You now have 1080 gold pieces (gained 22).
You are confused.
You feel invigorated.
You feel less invigorated.
You feel less confused.
The orc knight hits you from afar with a +0 halberd!!
You are too injured to fight recklessly!
Aiming: Ensorcelled Hibernation (safe; 1% risk of failure)
Press: ? - help, Q - select action, (/) - cycle Shift-Dir - straight line, f - orc knight
Aim: an orc knight, wielding a +0 halberd and wearing a +0 chain mail (umbra, chance to affect: 54%)
The orc knight resists with some effort.
The orc knight hits you from afar with a +0 halberd!!
You die...

###........
##..........
####.......#...
###.#........##..
##...o.......)##..
#.............###.
##.o#.........## #.
#...##.#.......###.
##@###.##..........
### #####)...$....
#.#........
###........
#.........
##........
###...†.... ..
#..........
...##.........o


You could see an orc knight.

Vanquished Creatures
  Nessos (D:12)
  Josephine (Lair:5)
  Fannar (D:10)
  3 boulder beetles
  An ice dragon (D:13)
  5 centaur warriors
  3 catoblepae (Lair:6)
  A death knight (D:14)
  9 hydras
  4 two-headed ogres
  8 death yaks
  Urug (Lair:4)
  Sonja (D:11)
  A fire crab (shapeshifter) (D:13)
  A phantasmal warrior (D:14)
  2 orc sorcerers
  5 manticores
  A deep elf pyromancer (D:13)
  8 ugly things
  3 oklob plants (Lair:4)
  A salamander (shapeshifter) (D:13)
  2 cyclopes (D:14)
  2 centaur zombies
  4 black mambas
  A torpor snail (Lair:6)
  13 elephants
  2 unseen horrors (D:13)
  11 cane toads
  A gargoyle (D:13)
  2 rime drakes
  Maggie (D:8)
  Psyche (D:9)
  A freezing wraith (D:14)
  5 komodo dragons
  A tengu conjurer (D:14)
  3 trolls
  A queen bee (Lair:5)
  A polar bear (Lair:1)
  A tyrant leech (Lair:2)
  Prince Ribbit (D:9)
  3 meliai (Lair:5)
  A tarantella (shapeshifter) (D:13)
  A hornet (D:13)
  8 blink frogs
  8 slime creatures
  3 water elementals (D:14)
  A spriggan (shapeshifter) (D:13)
  2 wyverns
  63 yaks
  Eustachio (D:6)
  A vampire (D:14)
  A human (shapeshifter) (D:14)
  13 wraiths
  4 basilisks
  10 vampire mosquitoes
  Edmund (D:5)
  A swamp worm (Lair:2)
  A steam dragon (D:10)
  2 nagas (Lair:4)
  5 wargs
  15 water moccasins
  A floating eye (Lair:4)
  9 orc warriors
  3 sky beasts
  2 black bears
  4 ogres
  9 wolves (Lair:6)
  3 centaurs (D:14)
  A phantom (D:6)
  13 bullfrogs
  A gnoll sergeant (D:8)
  2 scorpions (D:5)
  A wyvern skeleton (D:6)
  29 killer bees
  5 wights (D:9)
  5 howler monkeys
  An electric eel (D:14)
  2 jellies
  Crazy Yiuf (D:6)
  3 hounds (D:5)
  15 orc priests
  A bullfrog skeleton (D:4)
  4 iguanas
  Ijyb (D:3)
  Terence (D:3)
  22 orc wizards
  A howler monkey zombie (D:7)
  Robin (D:2)
  7 adders
  8 gnolls
  A howler monkey skeleton (D:6)
  2 shadow imps (D:6)
  4 worms
  3 dart slugs (D:1)
  52 orcs
  5 bats
  8 endoplasms
  6 giant cockroaches
  12 goblins
  9 hobgoblins
  5 jackals
  10 kobolds
  4 quokkas
  2 ball pythons
  3 frilled lizards
  5 rats
547 creatures vanquished.

Vanquished Creatures (others)
  An orc sorcerer (Orc:2)
  An orc wizard (D:10)
  A bush (Lair:3)
  86 fungi
  82 plants
171 creatures vanquished.

Grand Total: 718 creatures vanquished

Notes
Turn   | Place    | Note
-------+----------+-------------------------------------------
     0 | D:1      | nickcage the Spriggan Enchanter began the quest for the
                  | Orb.
     0 | D:1      | Reached XP level 1. HP: 9/9 MP: 5/5
   244 | D:1      | Reached skill level 4 in Hexes
   544 | D:1      | Reached XP level 2. HP: 13/13 MP: 6/6
   547 | D:1      | Learned a level 2 spell: Ensorcelled Hibernation
   934 | D:1      | Reached XP level 3. HP: 16/16 MP: 8/8
  1713 | D:2      | Noticed Robin
  1861 | D:2      | Killed Robin
  1862 | D:2      | Reached XP level 4. HP: 21/21 MP: 4/9
  2217 | D:2      | Noticed a black bear
  2228 | D:2      | Killed a black bear
  2229 | D:2      | Reached XP level 5. HP: 24/24 MP: 5/10
  2703 | D:3      | Reached skill level 5 in Short Blades
  2947 | D:3      | Noticed Terence
  2954 | D:3      | Killed Terence
  3037 | D:3      | Identified a scroll of acquirement
  3037 | D:3      | Acquired a +3 quick blade
  3266 | D:3      | Noticed Ijyb
  3325 | D:3      | Killed Ijyb
  3628 | D:4      | Noticed an ogre
  3635 | D:4      | Killed an ogre
  3636 | D:4      | Reached XP level 6. HP: 28/28 MP: 4/11
  3714 | D:4      | Found a staircase to the Ecumenical Temple.
  3726 | Temple   | Entered the Ecumenical Temple
  3864 | Temple   | Became a worshipper of Dithmenos the Shadowed
  4432 | D:4      | Reached XP level 7. HP: 32/32 MP: 9/12
  4639 | D:5      | Entered Level 5 of the Dungeon
  4694 | D:5      | HP: 1/32 [orc priest/divine providence (12)]
  5045 | D:5      | Found a shimmering altar of Xom.
  5245 | D:5      | Reached * piety under Dithmenos
  5349 | D:5      | Noticed Edmund
  5368 | D:5      | Killed Edmund
  5369 | D:5      | Reached XP level 8. HP: 31/36 MP: 6/13
  5670 | D:5      | Reached skill level 10 in Short Blades
  5982 | D:6      | Reached skill level 5 in Hexes
  6065 | D:6      | Found a runed translucent door.
  6066 | D:6      | Noticed Crazy Yiuf
  6073 | D:6      | Killed Crazy Yiuf
  6101 | D:6      | Reached skill level 1 in Fighting
  6244 | D:6      | Noticed Eustachio
  6251 | D:6      | Killed Eustachio
  6362 | D:6      | Reached skill level 6 in Hexes
  6544 | D:6      | Found Bime's Magic Scroll Emporium.
  6549 | D:6      | Bought a scroll of enchant armour for 90 gold pieces
  6711 | D:6      | Found a stormy altar of Qazlal.
  7124 | D:7      | Reached ** piety under Dithmenos
  7219 | D:7      | Found a basalt altar of Yredelemnul.
  7276 | D:7      | Reached skill level 5 in Spellcasting
  7278 | D:7      | Reached XP level 9. HP: 43/43 MP: 7/17
  7611 | D:7      | Found Vubbuc Toxzi's Assorted Antiques.
  7825 | D:8      | Reached skill level 7 in Hexes
  8087 | D:8      | Noticed Maggie
  8097 | D:8      | Killed Maggie
  8371 | D:8      | Reached skill level 8 in Hexes
  8393 | D:8      | Found an opulent altar of Gozag.
  8574 | D:8      | Found a staircase to the Lair.
  8615 | D:8      | Found Ceqac's Book Shop.
  9048 | D:8      | Reached skill level 1 in Invocations
  9135 | D:8      | Reached skill level 9 in Hexes
  9135 | D:8      | Reached XP level 10. HP: 50/50 MP: 16/23
  9389 | D:8      | Found a sparkling altar of Nemelex Xobeh.
  9456 | D:8      | Reached *** piety under Dithmenos
  9463 | D:8      | Found an ornate altar of the Wu Jian Council.
  9603 | D:8      | Bought a book of Frost for 264 gold pieces
  9605 | D:8      | Learned a level 1 spell: Freeze
  9609 | D:8      | Learned a level 3 spell: Frozen Ramparts
 10786 | D:9      | Reached skill level 5 in Stealth
 10859 | D:9      | Found a broken altar of Ashenzari.
 10889 | D:9      | Reached skill level 1 in Ice Magic
 10985 | D:9      | Noticed Psyche
 11089 | D:9      | Killed Psyche
 11270 | D:9      | Found an iron altar of Okawaru.
 11603 | D:9      | Found a staircase to the Orcish Mines.
 11619 | D:9      | Reached skill level 5 in Dodging
 11855 | D:9      | Noticed Prince Ribbit
 11862 | D:9      | Killed Prince Ribbit
 12017 | D:10     | Entered Level 10 of the Dungeon
 12165 | D:10     | Found a runed translucent gate.
 12166 | D:10     | Found a runed translucent gate.
 12166 | D:10     | Noticed MiltankisOP's ghost (journeyman DjCj)
 12166 | D:10     | Noticed a nine-headed hydra
 12167 | D:10     | Found a runed translucent gate.
 12167 | D:10     | Noticed a nine-headed hydra
 12400 | D:10     | Noticed a lindwurm
 12400 | D:10     | Noticed a lindwurm
 12414 | D:10     | Noticed a lindwurm
 12417 | D:10     | Noticed a lindwurm
 12702 | D:10     | Noticed Fannar
 12714 | D:10     | Killed Fannar
 13043 | D:11     | Reached skill level 10 in Stealth
 13469 | D:11     | Reached XP level 11. HP: 49/54 MP: 10/24
 13795 | D:11     | Reached skill level 5 in Fighting
 14057 | D:11     | Reached skill level 10 in Hexes
 14187 | D:11     | Noticed Sonja
 14206 | D:11     | Killed Sonja
 14350 | D:11     | Found a runed translucent door.
 14350 | D:11     | Found a shimmering altar of Xom.
 14350 | D:11     | Noticed Brotato's ghost (journeyman DjCj)
 14523 | D:11     | Found a radiant altar of Vehumet.
 14691 | D:11     | Noticed a +1 quarterstaff of chaos
 14731 | D:12     | Noticed a white ugly thing
 14754 | D:12     | Noticed a two-headed ogre
 14762 | D:12     | Killed a two-headed ogre
 14991 | D:12     | Reached skill level 11 in Hexes
 15212 | D:8      | Bought a book of Geomancy for 216 gold pieces
 15215 | D:8      | Learned a level 2 spell: Passwall
 15219 | D:8      | Learned a level 3 spell: Stone Arrow
 15291 | Lair:1   | Entered Level 1 of the Lair of Beasts
 15391 | Lair:1   | Found a sparkling altar of Nemelex Xobeh.
 15483 | Lair:1   | Reached **** piety under Dithmenos
 15669 | Lair:1   | Reached skill level 12 in Hexes
 16279 | Lair:2   | Reached skill level 1 in Transmutations
 16303 | Lair:2   | Noticed a four-headed hydra
 16320 | Lair:2   | Noticed an eight-headed hydra
 16388 | Lair:2   | Reached skill level 1 in Earth Magic
 16390 | Lair:2   | Killed a four-headed hydra
 16620 | Lair:2   | Reached XP level 12. HP: 17/61 MP: 6/25
 16861 | Lair:2   | Reached skill level 1 in Evocations
 16887 | Lair:2   | Reached skill level 1 in Conjurations
 17017 | Lair:2   | Killed an eight-headed hydra
 17447 | Lair:2   | Found a staircase to the Swamp.
 17642 | Lair:3   | Reached skill level 5 in Transmutations
 18035 | Lair:3   | Noticed a six-headed hydra
 18624 | Lair:3   | Killed a six-headed hydra
 18775 | Lair:3   | Reached skill level 10 in Spellcasting
 18788 | Lair:3   | Reached ***** piety under Dithmenos
 19219 | Lair:4   | Found a staircase to the Snake Pit.
 19222 | Lair:4   | Noticed a death yak
 19227 | Lair:4   | Noticed a death yak
 19230 | Lair:4   | Noticed a death yak
 19252 | Lair:4   | Killed a death yak
 19295 | Lair:4   | Killed a death yak
 19468 | Lair:4   | Identified the ring of Jiutz {rElec rPois Will++ Str+6
                  | Dex-3}
 19485 | Lair:4   | Noticed Urug
 19500 | Lair:4   | Noticed an eight-headed hydra
 19502 | Lair:4   | Killed Urug
 19782 | Lair:4   | Noticed a four-headed hydra
 19785 | Lair:4   | Killed a four-headed hydra
 19791 | Lair:4   | Killed an eight-headed hydra
 19792 | Lair:4   | Reached XP level 13. HP: 56/65 MP: 12/28
 20493 | Lair:5   | Reached skill level 5 in Earth Magic
 20975 | Lair:5   | Learned a level 4 spell: Hailstorm
 21030 | Lair:5   | Noticed Josephine
 21707 | Lair:5   | Reached skill level 5 in Ice Magic
 22051 | Lair:5   | Killed Josephine
 22238 | Lair:6   | Entered Level 6 of the Lair of Beasts
 22724 | Lair:6   | Found a runed translucent door.
 22724 | Lair:6   | Found a viscous altar of Jiyva.
 23497 | Lair:6   | Found a staircase to the Slime Pits.
 23826 | Lair:6   | Reached ****** piety under Dithmenos
 24247 | Lair:6   | HP: 1/65 [death yak (20)]
 24398 | Lair:6   | Reached XP level 14. HP: 46/70 MP: 18/31
 25562 | Lair:6   | Learned a level 8 spell: Discord
 25756 | Lair:6   | Found the +13 scythe of Curses {drain, Drain}
 26263 | D:12     | Noticed Nessos
 26271 | D:12     | Killed Nessos
 26536 | D:12     | Found a burning altar of Makhleb.
 26538 | D:12     | Noticed an Executioner
 26987 | D:13     | Found Ysusock's Assorted Antiques.
 27421 | D:13     | Reached skill level 13 in Hexes
 27788 | D:13     | Found a gate to the Vaults.
 28322 | D:14     | Reached skill level 14 in Hexes
 28431 | D:14     | Learned a level 5 spell: Fireball
 29350 | D:14     | Reached skill level 15 in Hexes
 29660 | D:14     | Reached XP level 15. HP: 75/75 MP: 8/33
 30035 | Orc:1    | Entered Level 1 of the Orcish Mines
 30208 | Orc:1    | Reached skill level 16 in Hexes
 30314 | Orc:1    | You fall into a shaft and drop 1 floor!
 30314 | Orc:2    | Entered Level 2 of the Orcish Mines
 30314 | Orc:2    | Found Rausir's Antique Armour Boutique.
 30314 | Orc:2    | Found a staircase to the Elven Halls.
 30322 | Orc:2    | Found Liyrr's Antique Weapon Boutique.
 30360 | Orc:2    | Found Safeinin's General Store.
 30510 | Orc:2    | Noticed an orc warlord
 30562 | Orc:2    | Slain by an orc knight

Illustrated notes

Levels and vault maps discovered:
D:1:      minmay_arrival_wavy_path, layout_rooms
D:2:      layout_basic, kennysheep_generic_room_9, uniq_robin
D:3:      layout_rooms, hangedman_decor_points, minmay_liquid_box, uniq_terence,
          uniq_ijyb
D:4:      layout_loops_cross, minmay_temple_entry_hall
D:5:      layout_gridville, amcnicky_altar_gilded, uniq_edmund
D:6:      layout_basic, overflow_temple_1_default, serial_shops,
          nicolae_shop_hallway_plus, minmay_misc_feat_encased, uniq_eustachio,
          uniq_crazy_yiuf_cottage
D:7:      layout_cave_pools, overflow_temple_1_default, serial_shops,
          nicolae_lakefront_shop
D:8:      layout_basic, lemuel_coloured_pillars_altar, kennysheep_little_box,
          lemuel_crystal_altar, due_lair_maze_entry_diamond,
          nicolae_inconvenience_store, uniq_maggie
D:9:      layout_basic, mainiacjoe_overflow_divided_tiny,
          minmay_orc_entry_guard_dogs, uniq_prince_ribbit1, uniq_psyche
D:10:     layout_loops_cross, gammafunk_ghost_hydra_chop, minmay_lindwurm_lava,
          uniq_fannar
D:11:     layout_rooms, ebering_ghost_xom, nicolae_vehumet_radiance, uniq_sonja
D:12:     layout_long_grid, makhleb_altar_promises_db, uniq_nessos
D:13:     layout_cross, david_vaults_4, serial_shops, nicolae_shop_trees
D:14:     minmay_octagon_keep, layout_cave_pools, serial_park_fountain
Temple:   dpeg_chambers_temple
Lair:1:   layout_small_grid, basic_altar, serial_bayou_shore_b,
          infiniplex_staircase_pool
Lair:2:   layout_gridlike, minmay_swamp_entry_worms, serial_bayou_shore_a,
          grunt_megastairs_5
Lair:3:   layout_loops_ring, lemuel_fruit_fields, grunt_megastairs_3,
          infiniplex_staircase_pool_2
Lair:4:   layout_loops_ring, guppyfry_snake_entry_island, disabler_island,
          uniq_urug
Lair:5:   layout_small_grid, special_room [special_room_bee], uniq_josephine
Lair:6:   evilmike_catoblepas_cave, layout_cave_pods, slime_altar_2
Orc:1:    layout_caves
Orc:2:    grunt_orc_gardens, layout_diamond_mine, grunt_orc_garden,
          grunt_orc_garden, grunt_orc_garden, grunt_orc_garden

Skill      XL: |  1  2  3  4  5  6  7  8  9 10 11 12 13 14 15 |
---------------+----------------------------------------------+-----
Hexes          | 4 6 9 12 15 16 | 16.1
Short Blades   | 3 4 6 7 9 10 12 13 | 13.8
Spellcasting   | 5 8 10 12 13 | 13.1
Fighting       | 2 4 6 7 |  7.0
Invocations    | 1 2 |  2.0
Dodging        | 6 7 8 9 |  9.0
Stealth        | 10 | 10.0
Ice Magic      | 2 3 6 7 |  7.0
Transmutations | 3 5 |  5.1
Earth Magic    | 2 4 6 |  6.0
Evocations     | 2 |  2.1
Conjurations   | 3 |  3.0

Action                   |  1- 3 |  4- 6 |  7- 9 | 10-12 | 13-15 || total
-------------------------+-------+-------+-------+-------+-------++-------
Melee: Dagger            |   107 |    29 |       |       |       ||   136
       Quick blade       |       |    63 |   237 |   495 |   532 ||  1327
       Unarmed           |       |     6 |       |       |       ||     6
       Punch             |       |       |     3 |    12 |    10 ||    25
Throw: Dart              |       |     1 |     8 |    26 |    36 ||    71
 Cast: Ensorcelled Hiber |    35 |    43 |   104 |   221 |   365 ||   768
       Frozen Ramparts   |       |       |       |    12 |    11 ||    23
       Stone Arrow       |       |       |       |       |    62 ||    62
       Hailstorm         |       |       |       |       |     2 ||     2
Invok: Shadow Step       |       |       |       |       |     1 ||     1
  Use: Scroll            |     1 |     2 |    12 |     5 |     9 ||    29
       Potion            |       |       |     1 |       |     6 ||     7
 Stab: Sleeping          |    33 |    40 |    64 |   108 |   177 ||   422
       Distracted        |       |       |     2 |       |     2 ||     4
Armor: Robe              |    13 |     6 |    31 |    56 |    76 ||   182
Dodge: Dodged            |    65 |    45 |   109 |   276 |   357 ||   852
